 Dungeon Crawl Stone Soup version 0.22-a0-617-g6d95e9e (webtiles) character file.

9587 sking99 the Grappler (level 11, -2/117 HPs)
             Began as an Ogre Transmuter on July 12, 2018.
             Was a High Priest of Makhleb.
             Impaled on a porcupine's spines (11 damage)
             ... on level 1 of the Lair of Beasts.
             The game lasted 00:38:07 (14232 turns).

sking99 the Grappler (Ogre Transmuter)             Turns: 14232, Time: 00:38:08

Health: -2/117     AC:  4    Str: 16    XL:     11   Next: 48%
Magic:  18/18      EV: 14    Int: 14    God:    Makhleb [*****.]
Gold:   466        SH:  0    Dex: 12    Spells: 9/20 levels left

rFire    . . .     SeeInvis .     - Unarmed
rCold    . . .     Gourm    +   (no shield)
rNeg     + . .     Faith    .   z - +0 robe of Gopn {rN+} (curse)
rPois    +         Spirit   .   r - +0 hat
rElec    .         Reflect  .   u - +0 cloak (curse)
rCorr    .         Harm     .   (gloves unavailable)
MR       +....                  (boots unavailable)
Stlth    +.........             s - amulet of the gourmand
HPRegen  0.29/turn              m - ring of poison resistance
MPRegen  0.16/turn              H - +1 ring of evasion

@: lethally poisoned (-2 -> -5), drained
A: large, unfitting armour, tough skin 1
a: Minor Destruction, Lesser Servant of Makhleb, Major Destruction, Greater
Servant of Makhleb, Renounce Religion


You were on level 1 of the Lair of Beasts.
You worshipped Makhleb.
Makhleb was extremely pleased with you.
You were completely stuffed.

You visited 2 branches of the dungeon, and saw 11 of its levels.
You also visited: Ossuary.

You collected 674 gold pieces.
You spent 208 gold pieces at shops.

Inventory:

Missiles
 a - 200 arrows
 p - 4 throwing nets (quivered)
Armour
 r - a +0 hat (worn)
 u - a cursed +0 cloak (worn)
 z - the cursed +0 robe of Gopn (worn) {rN+}
   (You bought it in a shop on level 5 of the Dungeon)

   It protects you from negative energy.
   It has a curse placed upon it.
 J - a scarf of spirit shield
Jewellery
 m - a ring of poison resistance (left hand)
 s - an amulet of the gourmand (around neck)
 C - an uncursed amulet of the acrobat
 H - a +1 ring of evasion (right hand)
 K - a cursed -3 ring of protection {unknown}
Wands
 n - a wand of polymorph (16)
 y - a wand of digging (14)
 D - a wand of acid (26)
 F - a wand of paralysis (10)
 I - a wand of flame (27)
Scrolls
 c - 2 scrolls of amnesia
 e - 2 scrolls of enchant armour
 f - a scroll of fear
 g - 3 scrolls of fog
 h - 8 scrolls of teleportation
 i - 3 scrolls of remove curse
 k - 2 scrolls of immolation
 q - 4 scrolls of enchant weapon
 G - 4 scrolls of identify
Potions
 b - a potion of brilliance {unknown}
 j - 2 potions of lignification
 l - 9 potions of curing
 o - 2 potions of heal wounds
 t - a potion of invisibility {unknown}
 v - a potion of flight
 w - a potion of might
 x - a potion of cancellation
 A - a potion of ambrosia
 B - a potion of agility {unknown}
Comestibles
 d - 23 rations
 E - 2 chunks of flesh


   Skills:
 - Level 10.0(9.8) Fighting
 + Level 7.2(7.0) Dodging
 - Level 10.1(9.9) Unarmed Combat
 - Level 5.0(4.8) Spellcasting
 + Level 5.1(5.0) Transmutations
 + Level 0.9(0.8) Ice Magic
 - Level 1.0(0.8) Poison Magic
 - Level 6.6(6.4) Invocations


You had 9 spell levels left.
You knew the following spells:

 Your Spells              Type           Power        Failure   Level  Hunger
a - Spider Form           Tmut/Pois      ##........   16%         3    ###....
b - Sticks to Snakes      Tmut           ###.....     3%          2    ##.....
c - Ice Form              Ice/Tmut       ##......     47%         4    ####...
d - Confusing Touch       Hex            #.....       19%         1    None
t - Beastly Appendage     Tmut           ###...       2%          1    None

Your spell library contained the following spells:

 Spells                   Type           Power        Failure   Level  Hunger
 Confuse                  Hex            #.......     47%         3    ###....
 Mephitic Cloud           Conj/Pois/Air  #.......     43%         3    ###....
 Venom Bolt               Conj/Pois      #.........   99%         5    ######.
 Olgreb's Toxic Radiance  Pois           #.......     77%         4    ####...
 Summon Small Mammal      Summ           #...         19%         1    None
 Summon Ice Beast         Ice/Summ       #.......     83%         4    ####...
 Call Imp                 Summ           #.......     26%         2    ##.....
 Sting                    Conj/Pois      #...         16%         1    None
 Blade Hands              Tmut           ###.......   54%         5    ######.
 Call Canine Familiar     Summ           #.......     47%         3    ###....
 Metabolic Englaciation   Hex/Ice        #.........   99%         5    ######.
 Petrify                  Tmut/Erth      ##......     54%         4    ####...
 Summon Lightning Spire   Summ/Air       #.......     87%         4    ####...
 Summon Guardian Golem    Hex/Summ       #.......     47%         3    ###....
 Gell's Gravitas          Tloc           #.........   47%         3    ###....
 Yara's Violent Unravell  Hex/Tmut       ##........   87%         5    ######.
 Poisonous Vapours        Pois/Air       #.....       22%         2    ##.....


Dungeon Overview and Level Annotations

Branches:
Dungeon (10/15)            Temple (0/1) D:7            Lair (1/6) D:10
    Orc: D:9-12

Altars:
Cheibriados
Elyvilon
Fedhas
Gozag
Kikubaaqudgha
Makhleb
Nemelex Xobeh
Qazlal
Ru
Sif Muna
Uskayaw
Vehumet
Yredelemnul
The Shining One

Shops:
D:5 *?=[

Annotations:
D:3 2 transporters
D:6 2 transporters, Menkaure


Innate Abilities, Weirdness & Mutations

You are too large for most types of armour.
You have tough skin. (AC +1)


Message History

The spiny frog is almost dead.
You feel sick. The spiny frog stings you!!
* * * LOW HITPOINT WARNING * * *
The porcupine misses you.
You hit the spiny frog.
The spiny frog is almost dead.
The spiny frog closely misses you.
The porcupine bites you but does no damage.
You punch the spiny frog!
You kill the spiny frog!
Makhleb accepts your kill.
Base training target 5.0 for Spellcasting reached!
Your base Spellcasting skill increases to level 5!
You feel sick. The porcupine barely misses you.
A porcupine is nearby!
A porcupine is nearby!
A porcupine is nearby!
You closely miss the porcupine.
You are struck by the porcupine's spines.
You die...

......#...P#.##P##......
........................
P...#.#....................
............................
............................
...........(..............#
..........................#
#.##+.#....###.#.##......+
......#>....##.P@###..%..#
......#....##...r........#
......#....#......##.....##
......#....##.....##......#
......# ##...##......##
#.##### #P.####.....# ....
.... ......# ...... .....
......... ...... .....
...........


You could see a porcupine.

Vanquished Creatures
  Nergalle (D:10)
  Joseph (D:8)
  Maurice (D:8)
  An elephant (D:10)
  A spiny frog (Lair:1)
  A hippogriff (D:10)
  4 yaks (D:9)
  A basilisk (D:10)
  2 hungry ghosts
  Edmund (D:5)
  2 porcupines (Lair:1)
  A black bear (D:7)
  5 orc warriors
  2 sky beasts (D:7)
  An ogre (D:5)
  3 centaurs
  2 eyes of draining
  3 crocodiles
  2 big kobolds
  4 bullfrogs
  A water moccasin zombie (Ossuary)
  6 killer bees (D:8)
  4 scorpions
  A water moccasin skeleton (D:9)
  5 howler monkeys
  2 crimson imps
  5 orc priests
  6 jellies
  2 gnoll shamans (D:5)
  2 hounds (D:6)
  6 orc wizards
  3 bullfrog skeletons
  3 iguanas
  5 worker ants
  3 big kobold zombies (Ossuary)
  2 mummies (Ossuary)
  2 howler monkey zombies
  A worker ant zombie (D:8)
  A howler monkey skeleton (D:6)
  12 adders
  72 gnolls
  A shadow imp (D:8)
  5 oozes (D:8)
  5 adder zombies
  4 worms
  A dart slug (D:5)
  9 leopard geckos
  27 orcs
  7 bats
  7 giant cockroaches
  5 goblins
  6 hobgoblins
  32 jackals
  8 quokkas
  5 frilled lizards
  8 hobgoblin zombies (Ossuary)
  A jackal zombie (D:6)
  14 kobolds
  8 kobold zombies (Ossuary)
  A leopard gecko skeleton (D:6)
  6 orc zombies (Ossuary)
  2 quokka zombies
  9 rats
354 creatures vanquished.

Vanquished Creatures (collateral kills)
  A hydra (D:10)
  2 two-headed ogres
  A necrophage (D:10)
  2 ogres
  A crocodile (D:10)
  A quasit (D:10)
  A worker ant zombie (D:10)
  An adder (D:2)
  A ball python (D:3)
  A giant cockroach (D:8)
12 creatures vanquished.

Grand Total: 366 creatures vanquished

Notes
Turn   | Place    | Note
-------+----------+-------------------------------------------
     0 | D:1      | sking99 the Ogre Transmuter began the quest for the Orb.
     0 | D:1      | Reached XP level 1. HP: 19/19 MP: 3/3
   927 | D:1      | Reached XP level 2. HP: 28/28 MP: 5/5
  1345 | D:2      | Found a hide-covered altar of Uskayaw.
  1520 | D:2      | Reached XP level 3. HP: 29/36 MP: 6/6
  1659 | D:2      | Learned a level 2 spell: Sticks to Snakes
  1663 | D:2      | Learned a level 3 spell: Spider Form
  1815 | D:2      | Found a burning altar of Makhleb.
  1866 | D:2      | Found an opulent altar of Gozag.
  1934 | D:2      | Reached XP level 4. HP: 39/44 MP: 6/8
  2122 | D:2      | Reached skill level 1 in Poison Magic
  2430 | D:2      | Became a worshipper of Makhleb the Destroyer
  2501 | D:3      | Found a transporter.
  2517 | D:3      | Found a transporter.
  2574 | D:3      | Found a sparkling altar of Nemelex Xobeh.
  2676 | D:3      | Reached XP level 5. HP: 38/50 MP: 1/9
  2960 | D:2      | Learned a level 1 spell: Confusing Touch
  3214 | D:3      | Reached * piety under Makhleb
  3866 | D:4      | Reached XP level 6. HP: 59/59 MP: 6/10
  4355 | D:4      | Found a radiant altar of Vehumet.
  4357 | D:4      | Found a stormy altar of Qazlal.
  4358 | D:4      | Found a glowing golden altar of the Shining One.
  4946 | D:5      | Entered Level 5 of the Dungeon
  4954 | D:5      | Found Xuta Zud's Magic Scroll Boutique.
  5051 | D:4      | Reached skill level 5 in Unarmed Combat
  5205 | D:5      | Reached XP level 7. HP: 66/66 MP: 7/11
  5331 | D:4      | Reached ** piety under Makhleb
  5645 | D:5      | Bought a scroll of identify for 26 gold pieces
  5659 | D:5      | Found Finis's Antique Armour Shoppe.
  5823 | D:5      | Reached skill level 5 in Transmutations
  6331 | D:5      | Found a snail-covered altar of Cheibriados.
  6506 | D:5      | Found Meamowia's Assorted Antiques.
  6528 | D:5      | Bought an opalescent robe for 182 gold pieces
  6549 | D:5      | Identified the cursed +0 robe of Gopn {rN+} (You bought it in a shop on level 5 of the Dungeon)
  6568 | D:5      | Noticed Edmund
  6579 | D:5      | Killed Edmund
  6579 | D:5      | Reached XP level 8. HP: 75/75 MP: 9/12
  6610 | D:5      | Found Beotekae's Jewellery Emporium.
  6807 | D:5      | Reached *** piety under Makhleb
  6889 | D:5      | Reached skill level 5 in Fighting
  7737 | D:5      | Learned a level 4 spell: Ice Form
  7794 | D:6      | Reached XP level 9. HP: 52/89 MP: 10/13
  7832 | D:6      | Found a sand-covered staircase.
  7896 | Ossuary  | Entered an ossuary
  7912 | Ossuary  | Reached **** piety under Makhleb
  8583 | D:6      | Found an ancient bone altar of Kikubaaqudgha.
  8585 | D:6      | Noticed Menkaure
  8587 | D:6      | Found a basalt altar of Yredelemnul.
  8680 | D:6      | Found a deep blue altar of Sif Muna.
  8716 | D:6      | Reached ***** piety under Makhleb
  8720 | D:6      | Reached skill level 5 in Dodging
  8993 | D:6      | Found a transporter.
  9004 | D:6      | Found a transporter.
  9175 | D:7      | Found a staircase to the Ecumenical Temple.
  9328 | D:7      | Found a white marble altar of Elyvilon.
  9573 | D:7      | Found a sacrificial altar of Ru.
  9908 | D:8      | Noticed Maurice
  9919 | D:8      | Killed Maurice
  9919 | D:8      | Reached XP level 10. HP: 106/106 MP: 11/14
 10120 | D:8      | Noticed Joseph
 10131 | D:8      | Killed Joseph
 10668 | D:8      | Found a blossoming altar of Fedhas.
 10821 | D:8      | Noticed a two-headed ogre
 10822 | D:8      | Found a blossoming altar of Fedhas.
 10831 | D:8      | Killed a two-headed ogre
 11553 | D:9      | Reached skill level 5 in Invocations
 12323 | D:10     | Entered Level 10 of the Dungeon
 12323 | D:10     | Noticed Nergalle
 12329 | D:10     | Noticed a spectral orc warlord
 12542 | D:10     | Noticed a two-headed ogre
 12548 | D:10     | Killed a two-headed ogre
 12548 | D:10     | Reached XP level 11. HP: 101/117 MP: 12/17
 12665 | D:10     | Noticed a five-headed hydra
 12686 | D:10     | Killed a five-headed hydra
 13042 | D:10     | Noticed a lindwurm
 13044 | D:10     | Noticed a lindwurm
 13078 | D:10     | Reached skill level 10 in Fighting
 13192 | D:10     | Noticed a lindwurm
 13199 | D:10     | Noticed a lindwurm
 13244 | D:10     | Found a staircase to the Lair.
 13317 | D:10     | Reached skill level 10 in Unarmed Combat
 13377 | D:10     | Killed Nergalle
 13929 | Lair:1   | Entered Level 1 of the Lair of Beasts
 14230 | Lair:1   | Reached skill level 5 in Spellcasting
 14232 | Lair:1   | Impaled on a porcupine's spines

Vault maps used:
D:1:      lightli_molten_gateway, hangedman_decor_points
D:2:      lemuel_doored_altar, lemuel_round_altar, grunt_gozag_breadcrumbs,
          minmay_joined_circles
D:3:      gammafunk_steamed_eel, nemelex_xobeh_ov_fountains_minmay
D:4:      grunt_temple_overflow_open
D:5:      lemuel_castle_with_subvaults, serial_shops, shop, shop,
          shop_fountains, shop, first_ration, basic_altar, uniq_edmund
D:6:      gammafunk_temple_of_torment, lemuel_round_altar,
          lightli_ossuary_entry_decrepit_ruins, mrwooster_statue_mirror
D:7:      elyvilon_altar_4, nicolae_ru_sacrificial_ziggurat,
          minmay_temple_entry_large_hall
D:8:      kennysheep_little_box, hangedman_little_slice_of_home, fedhas_altar_1,
          uniq_joseph, uniq_maurice
D:9:      unseen_surprise_small
D:10:     david_lair_generic, minmay_lindwurm_lava, uniq_nergalle
Ossuary:  ossuary_tomb_2

Skill      XL: |  1  2  3  4  5  6  7  8  9 10 11 |
---------------+----------------------------------+-----
Unarmed Combat | 3 4 5 6 7 8 9 10 | 10.1
Fighting       | 2 3 6 8 9 10 | 10.0
Transmutations | 2 3 4 5 |  5.1
Poison Magic   | 1 |  1.0
Spellcasting   | 3 4 5 |  5.0
Dodging        | 2 4 5 6 7 |  7.2
Invocations    | 2 5 6 |  6.6
Ice Magic      | |  0.9

Action                   |  1- 3 |  4- 6 |  7- 9 | 10-12 || total
-------------------------+-------+-------+-------+-------++-------
Melee: Unarmed           |   109 |   226 |   590 |   334 ||  1259
       Headbutt          |       |     1 |       |       ||     1
       Punch             |       |       |     1 |     1 ||     2
 Cast: Sticks to Snakes  |     1 |     1 |       |     4 ||     6
       Spider Form       |       |    28 |    67 |    42 ||   137
       Beastly Appendage |       |     2 |       |       ||     2
Invok: Lesser Servant of |       |       |       |     6 ||     6
 Abil: End Transformatio |       |       |     1 |       ||     1
  Use: Scroll            |       |       |    22 |     1 ||    23
       Potion            |       |       |       |     3 ||     3
 Stab: Sleeping          |       |     1 |     4 |       ||     5
       Distracted        |       |       |       |     1 ||     1
  Eat: Chunk             |     3 |    15 |    27 |    28 ||    73
       Ration            |       |       |     3 |       ||     3
Armor: Robe              |    19 |    29 |    28 |     4 ||    80
       Skin              |       |     7 |    14 |    68 ||    89
Dodge: Dodged            |    59 |   182 |   502 |   315 ||  1058

Table legend:
 A = Spawn XP
 B = Non-spawn XP
 C = Spawn XP percentage of total XP
 D = Spawn monster count
 E = Non-spawn monster count
 F = Spawn count percentage of total count
 G = Total turns spent on level
                    A         B        C        D         E        F      G
               +---------+---------+-------+---------+---------+-------+---------
         Total |       0 |   13696 |   0.0 |       0 |     364 |   0.0 | 14232
               +---------+---------+-------+---------+---------+-------+---------
           D:1 |       0 |      16 |   0.0 |       0 |      11 |   0.0 |  1325
           D:2 |       0 |     103 |   0.0 |       0 |      29 |   0.0 |  1368
           D:3 |       0 |     191 |   0.0 |       0 |      39 |   0.0 |  1167
           D:4 |       0 |     399 |   0.0 |       0 |      23 |   0.0 |  1963
           D:5 |       0 |    1458 |   0.0 |       0 |      83 |   0.0 |  1915
           D:6 |       0 |     961 |   0.0 |       0 |      33 |   0.0 |   905
           D:7 |       0 |    1068 |   0.0 |       0 |      19 |   0.0 |   752
           D:8 |       0 |    3020 |   0.0 |       0 |      46 |   0.0 |  1427
           D:9 |       0 |    1518 |   0.0 |       0 |      22 |   0.0 |  1239
          D:10 |       0 |    3864 |   0.0 |       0 |      25 |   0.0 |  1398
        Lair:1 |       0 |     882 |   0.0 |       0 |       5 |   0.0 |   303
       Ossuary |       0 |     216 |   0.0 |       0 |      29 |   0.0 |   470
               +---------+---------+-------+---------+---------+-------+---------
